 Dungeon Crawl Stone Soup version 0.30-a0-121-gb27577e5d9 (webtiles) character file.

Game seed: 4429122012696365197

75525 Engwar the Spry (level 15, -1/76 HPs)
             Began as a Felid Summoner on Sept 14, 2022.
             Was an Initiate of Gozag.
             Killed from afar by an eleionoma (38 damage)
             ... with a spray of wooden splinters
             ... on level 2 of the Lair of Beasts.
             The game lasted 03:49:54 (44478 turns).

Engwar the Spry (Felid Summoner)                   Turns: 44478, Time: 03:49:55

Health: -1/76      AC:  3    Str:  4    XL:     15   Next: 9%
Magic:  2/30       EV: 31    Int: 32    God:    Gozag
Gold:   2512       SH:  0    Dex: 17    Spells: 1/34 levels left
                                        Lives:  0   Deaths: 3

rFire   . . .      SeeInvis +    (weapon unavailable)
rCold   + . .      Faith    .    (shield unavailable)
rNeg    . . .      Spirit   .    (body armour unavailable)
rPois   +          Reflect  .    (helmet unavailable)
rElec   .          Harm     .    (cloak unavailable)
rCorr   .          Rampage  .    (gloves unavailable)
Will    ++...                    (boots unavailable)
Stlth   +.........               z - amulet of magic regeneration
HPRegen 0.22/turn                J - +6 ring of intelligence
MPRegen 0.62/turn                E - ring of Crawling {rPois Int+2}

@: very slow
A: very small, claws 1, fangs 3, see invisible, speed 1, shaggy fur 3, stealthy
paws, no weapons or thrown items, no armour, multi-lived
a: Renounce Religion, Potion Petition, Call Merchant, Bribe Branch


You were on level 2 of the Lair of Beasts.
You worshipped Gozag.
Gozag was most pleased with you.
You visited 7 branches of the dungeon, and saw 28 of its levels.
You also visited: Sewer, Bailey and Volcano.

You collected 9622 gold pieces.
You spent 2884 gold pieces at shops.
You paid 4226 gold pieces to Gozag.

Inventory:

Jewellery
 p - a ring of protection from fire
 r - a ring of magical power
 z - an amulet of magic regeneration (around neck)
 E - the ring of Crawling (right paw) {rPois Int+2}
   (You found it on level 5 of the Lair of Beasts)

   [ring of poison resistance]

   Int:       It affects your intelligence (+2).
   rPois:     It protects you from poison.
 J - a +6 ring of intelligence (left paw)
Wands
 e - a wand of light (12)
 k - a wand of paralysis (16)
 s - a wand of flame (41)
 x - a wand of roots (21)
 B - a wand of mindburst (11)
 F - a wand of digging (16)
 I - a wand of polymorph (7)
Scrolls
 g - 4 scrolls of blinking
 j - 4 scrolls of fear
 l - 6 scrolls of teleportation
 t - 2 scrolls of summoning
 y - 9 scrolls of identify
 D - a scroll of magic mapping
 G - 3 scrolls of fog
Potions
 a - 3 potions of magic
 b - 4 potions of mutation
 c - 4 potions of haste
 d - 2 potions of heal wounds
 f - 3 potions of ambrosia
 h - 13 potions of curing
 i - 3 potions of resistance
 m - 2 potions of cancellation
 n - 5 potions of attraction
 o - 8 potions of might
 q - 6 potions of flight
 u - 4 potions of brilliance
 v - 3 potions of invisibility
 A - 2 potions of berserk rage
 C - 4 potions of lignification


   Skills:
 + Level 14.7 Fighting
 + Level 18.8 Dodging
 - Level 2.6 Stealth
 - Level 10.0 Spellcasting
 - Level 10.0 Hexes
 - Level 14.0 Summonings
 + Level 11.0 Transmutations
 + Level 9.5 Air Magic
 - Level 3.5 Earth Magic


You had one spell level left.
You knew the following spells:

 Your Spells              Type           Power      Damage    Failure   Level
a - Summon Small Mammal   Summ           100%       N/A       0%          1
b - Blink                 Tloc           32%        N/A       4%          2
c - Call Canine Familiar  Summ           81%        N/A       1%          3
d - Summon Guardian Gole  Hex/Summ       75%        N/A       1%          3
e - Summon Lightning Spi  Summ/Air       74%        N/A       1%          4
f - Summon Cactus Giant   Summ           40%        N/A       1%          6
g - Summon Mana Viper     Hex/Summ       75%        N/A       1%          5
h - Wereblood             Tmut           72%        N/A       1%          2
i - Storm Form            Tmut/Air       34%        N/A       36%         7

Your spell library contained the following spells:

 Spells                   Type           Power      Damage    Failure   Level
 Beastly Appendage        Tmut           100%       N/A       1%          1
 Slow                     Hex            100%       N/A       1%          1
 Sting                    Tmut/Pois      100%       1d8       1%          1
 Magic Dart               Conj           64%        1d6       3%          1
 Call Imp                 Summ           81%        N/A       0%          2
 Cigotuvi's Dreadful Rot  Necr/Pois/Air  72%        N/A       1%          2
 Ensorcelled Hibernation  Hex/Ice        96%        N/A       1%          2
 Poisonous Vapours        Pois/Air       92%        N/A       1%          2
 Confusing Touch          Hex            68%        N/A       1%          3
 Spider Form              Tmut/Pois      50%        N/A       1%          3
 Leda's Liquefaction      Hex/Erth       28%        N/A       1%          4
 Petrify                  Tmut/Erth      58%        N/A       1%          4
 Summon Ice Beast         Ice/Summ       57%        N/A       1%          4
 Silence                  Hex/Air        34%        N/A       1%          5
 Mephitic Cloud           Conj/Pois/Air  36%        N/A       2%          3
 Anguish                  Hex/Necr       24%        N/A       3%          4
 Fulminant Prism          Conj/Hex       24%        3d13      3%          4
 Ice Form                 Ice/Tmut       50%        N/A       3%          4
 Scorch                   Fire           32%        2d6       4%          2
 Searing Ray              Conj           32%        2d5       4%          2
 Summon Forest            Summ/Tloc      28%        N/A       4%          5
 Gell's Gravitas          Tloc           16%        N/A       9%          3
 Lesser Beckoning         Tloc           16%        N/A       9%          3
 Teleport Other           Tloc           16%        N/A       9%          3
 Vampiric Draining        Necr           16%        2d7       9%          3
 Monstrous Menagerie      Summ           40%        N/A       9%          7
 Metabolic Englaciation   Hex/Ice        24%        N/A       11%         5
 Arcjolt                  Conj/Air       23%        1d33      12%         5
 Lee's Rapid Deconstruct  Erth           19%        3d12*     21%         5
 Freezing Cloud           Conj/Ice/Air   18%        6-21      22%         5
 Statue Form              Tmut/Erth      38%        N/A       24%         6
 Flame Wave               Conj/Fire      16%        2d7       30%         4
 Hailstorm                Conj/Ice       16%        3d6       30%         4
 Manifold Assault         Tloc           16%        N/A       30%         4
 Olgreb's Toxic Radiance  Pois           16%        N/A       30%         4
 Iskenderun's Battlesphe  Conj           16%        2d7       63%         5
 Spellforged Servitor     Conj/Summ      28%        N/A       82%         7
 Iron Shot                Conj/Erth      13%        9d3       92%         6
 Dispersal                Tloc           8%         N/A       99%         6
 Maxwell's Capacitive Co  Air            33%        ∞         99%         8
 Borgnjor's Revivificati  Necr           8%         N/A       100%        8
 Necromutation            Tmut/Necr      25%        N/A       100%        8
 Death's Door             Necr           8%         N/A       100%        9
 Polar Vortex             Ice            8%         N/A       100%        9
 Portal Projectile        Hex/Tloc       Unusable   N/A       N/A         3
 Simulacrum               Ice/Necr       Unusable   N/A       N/A         6

Dungeon Overview and Level Annotations

Branches:
Dungeon (15/15)            Temple (1/1) D:6            Lair (5/5) D:10
  Swamp (1/4) Lair:2        Snake (3/4) Lair:3        Slime (0/5) Lair:5
    Orc (2/2) D:9             Elf (1/3) Orc:2        Vaults (0/5) D:13
 Depths (0/4) D:15          Sewer (visited)          Bailey (visited)
Volcano (visited)

Altars:
Ashenzari
Cheibriados
Gozag
Makhleb
Okawaru
Qazlal
Ru
Vehumet
Wu Jian
Xom
Zin
The Shining One
Jiyva

Shops:
D:3 ??   D:6 !   D:12 *   Orc:2 ([*:::   Lair:1 :   Lair:3 !   Lair:5 :
Snake:3 :=:

Portals:
Hell: Lair:5

Annotations:
D:2 Crazy Yiuf
Lair:5 1 runed translucent door


Innate Abilities, Weirdness & Mutations

You have sharp claws.
You have razor-sharp teeth.
You have supernaturally acute eyesight. (SInv)
You cover ground quickly. (Speed+)
Your thick and shaggy fur keeps you warm. (AC +3, rC+)
Your paws help you pounce on unaware monsters.
You are incapable of wielding weapons or throwing items.
You cannot wear armour.
You gain extra lives every three experience levels.


Message History

g - Guard the area. f - Follow me.
Anything else - Cancel.
Gang up on whom?
Press: ? - help, Dir - move target, f/p - eleionoma
Aim: an eleionoma (not watching you, ally target) Attack!
The eleionoma splashes around in the water.
The goliath frog hits your lightning spire.
Your lightning spire is splashed with acid.
The goliath frog hits your lightning spire!!
Your lightning spire is splashed with acid.
The acid corrodes your lightning spire!
Your lightning spire is destroyed!
Your lightning spire disappears in a puff of smoke!
Your cactus giant barely misses the eleionoma.
Your mana viper bites the eleionoma!
The eleionoma's magic leaks into the air.
Your mana viper bites the eleionoma!
The eleionoma's magic leaks into the air.
The goliath frog completely misses you. The eleionoma completely misses you.
Your mana viper bites the eleionoma!
The eleionoma's magic leaks into the air.
The goliath frog hits you from afar!!
You are splashed with acid!
You climb upwards.
Welcome back to the Lair of Beasts!
There is a staircase to the Swamp here.
You enter the shallow water.
Moving in this stuff is going to be slow.
Casting: Summon Cactus Giant (dangerous; 1% risk of failure)
Confirm with . or Enter, or press ? or * to list all spells.
The eleionoma falters for a moment.
The eleionoma falters for a moment.
Your cactus giant hits the eleionoma with a +0 giant spiked club!
Casting: Summon Cactus Giant (dangerous; 1% risk of failure)
Confirm with . or Enter, or press ? or * to list all spells.
A mana viper appears with a sibilant hiss.
The eleionoma hurls a spray of splinters at you.
The spray of wooden splinters hits you!!!
Ouch! That really hurt!
You die...
Your body crumbles into a pile of gold.

## ##.### # ###....# ###
##### ##.##...### ..###
##...♣ ♣.........#
....####..♣♣♣♣♣♣♣........##
........[♣.♣~~~~♣♣........#
.......♣♣♣~~~~S~♣♣........#
........♣♣~≈~~§§≈~....#...#
........♣♣~~§§R§@~P...#####
........♣♣~§≈§C§§.#....###
.........≈♣≈§§§§♣♣.....#.#
.........♣♣♣~~≈♣≈♣.......##
...##...#.♣♣♣~♣~♣........P#
..#.##.#....♣♣♣♣.........##
..................>.###.##
.##....#..##.......## ###
############.......##


You could see an eleionoma (ally target, magic disrupted), a friendly mana viper
(summoned) and a friendly cactus giant (summoned).

Vanquished Creatures
  A black mamba (Snake:1)
  A blink frog (Lair:5)
  2 bullfrogs
  A killer bee (D:8)
  A jelly (Sewer)
  2 hounds
  An orc priest (D:9)
  An orc wizard (D:9)
  2 ufetubi (D:9)
  2 orcs (Orc:1)
  3 ball pythons
  A giant cockroach (D:4)
  2 bats (D:1)
  A frilled lizard (D:3)
  3 kobolds (D:8)
  4 rats
28 creatures vanquished.

Vanquished Creatures (collateral kills)
  Saint Roka (Orc:2)
  2 nagarajas
  2 orc warlords (Orc:2)
  Aizul (Snake:2)
  A dire elephant (D:15)
  A bunyip (Swamp:1)
  An ettin (Orc:1)
  9 vault guards
  7 hydras
  A catoblepas (Lair:4)
  An alligator (Swamp:1)
  4 centaur warriors
  3 two-headed ogres
  5 boulder beetles
  7 anacondas
  6 death yaks
  6 orc high priests (Orc:2)
  9 naga warriors
  A hell knight (Volcano)
  6 naga sharpshooters
  3 shock serpents
  A salamander mystic (Snake:3)
  A goliath frog (Swamp:1)
  A skeletal warrior (D:11)
  A bog body (Swamp:1)
  3 naga ritualists
  5 orc knights
  4 orc sorcerers
  8 ugly things
  A wizard (Lair:5)
  3 cyclopes
  2 deep elf pyromancers
  5 mana vipers
  A manticore (D:14)
  A wolf spider (D:15)
  14 salamanders
  23 black mambas
  2 guardian serpents (Snake:1)
  7 elephants
  A molten gargoyle (Volcano)
  2 orange demons (Lair:5)
  3 gargoyles
  12 naga magi
  11 cane toads
  3 rime drakes
  A tengu conjurer (D:15)
  3 komodo dragons
  A freezing wraith (D:11)
  2 ice devils (Lair:5)
  A hellwing (Lair:5)
  2 red devils (Lair:5)
  2 polar bears
  3 meliai (D:14)
  15 blink frogs
  5 trolls
  Prince Ribbit (Bailey)
  4 slime creatures
  A dream sheep (Lair:5)
  3 shadows
  7 wyverns
  2 wraiths
  An unseen horror simulacrum (D:9)
  5 basilisks
  51 yaks
  2 steam dragons
  5 humans (Bailey)
  11 vampire mosquitoes
  2 swamp worms (Swamp:1)
  14 water moccasins
  2 acid dragons
  35 nagas
  4 hell hounds (Lair:5)
  Duvessa (D:4)
  6 wargs
  36 orc warriors
  2 ice beasts
  32 wolves
  2 centaurs
  13 ogres
  2 kobold brigands
  9 bullfrogs
  A gnoll sergeant (D:8)
  2 scorpions
  2 necrophages
  Dowan (D:4)
  8 killer bees
  3 howler monkeys
  3 hounds
  32 orc priests
  A gnoll bouda (D:8)
  5 jellies
  32 orc wizards
  4 iguanas
  2 nameless horrors
  A centaur simulacrum (D:9)
  7 gnolls
  7 adders
  A river rat (Sewer)
  A white imp (D:9)
  2 ufetubi
  A worm (D:2)
  4 dart slugs
  64 orcs
  15 endoplasms
  12 giant cockroaches
  5 goblins
  12 hobgoblins
  4 jackals
  20 kobolds
  4 quokkas
  3 ball pythons
  4 frilled lizards
  4 rats
747 creatures vanquished.

Vanquished Creatures (others)
  A hydra (Lair:5)
  A hell beast (Lair:5)
  A vault guard (D:13)
  A death yak (D:9)
  2 shock serpents
  2 naga sharpshooters
  Pikel (D:7)
  A deep elf pyromancer (Volcano)
  An orc knight (Orc:2)
  2 ugly things
  2 cyclopes
  An elephant (Lair:1)
  2 komodo dragons
  A hornet (D:8)
  A wyvern (D:9)
  10 yaks
  An unseen horror simulacrum (D:9)
  4 vampire mosquitoes (D:8)
  Edmund (D:6)
  A naga (Snake:1)
  5 orc warriors
  A black bear (D:5)
  2 ogres (D:6)
  15 wolves
  2 centaurs
  2 lemures (D:7)
  2 bullfrogs
  7 wights (D:6)
  2 killer bees
  4 howler monkeys
  An orc priest (D:8)
  A gnoll bouda (D:8)
  3 hounds
  A jelly (Sewer)
  5 iguanas
  An orc wizard (Orc:2)
  A gnoll (D:8)
  A river rat (Sewer)
  A white imp (D:9)
  5 orcs
  A hobgoblin (D:8)
  A kobold (D:8)
  33 fungi
  35 plants
169 creatures vanquished.

Grand Total: 944 creatures vanquished

Notes
Turn   | Place    | Note
-------+----------+-------------------------------------------
     0 | D:1      | Engwar the Felid Summoner began the quest for the Orb.
     0 | D:1      | Reached XP level 1. HP: 7/7 MP: 4/4
   376 | D:1      | Reached XP level 2. HP: 4/11 MP: 4/6
   379 | D:1      | Learned a level 2 spell: Call Imp
  1425 | D:2      | Reached XP level 3. HP: 14/14 MP: 5/8
  1437 | D:2      | Learned a level 3 spell: Call Canine Familiar
  1904 | D:2      | Found a faded altar of an unknown god.
  2453 | D:2      | Found a runed translucent door.
  2454 | D:2      | Noticed Crazy Yiuf
  2913 | D:3      | Found Rotusm's Magic Scroll Shop.
  2922 | D:3      | Bought a scroll of identify for 24 gold pieces
  3045 | D:3      | You fall into a shaft and drop 1 floor!
  3349 | D:3      | Reached XP level 4. HP: 18/18 MP: 3/9
  3353 | D:3      | Learned a level 3 spell: Summon Guardian Golem
  3911 | D:3      | Found Lonoedghe's Magic Scroll Shoppe.
  3920 | D:3      | Bought a scroll of identify for 26 gold pieces
  3920 | D:3      | Bought a scroll of identify for 26 gold pieces
  4105 | D:4      | Reached skill level 5 in Summonings
  4161 | D:4      | Reached skill level 1 in Hexes
  4270 | D:4      | Noticed Duvessa
  4281 | D:4      | Noticed Dowan
  4304 | D:4      | Slain by Duvessa
  4305 | D:4      | Reached XP level 3. HP: 0/15 MP: 1/8
  4555 | D:4      | Reached skill level 3 in Dodging
  4751 | D:5      | Entered Level 5 of the Dungeon
  4990 | D:5      | Reached XP level 4. HP: 18/18 MP: 2/10
  5084 | D:5      | Reached skill level 1 in Fighting
  5300 | D:5      | Reached XP level 5. HP: 22/22 MP: 1/11
  5725 | D:5      | Noticed a black bear
  5749 | D:5      | Killed a black bear
  5750 | D:5      | Reached skill level 4 in Dodging
  5750 | D:5      | Gained mutation: You are covered in thick fur. (AC +2)
                  | [Felid growth]
  5750 | D:5      | Reached XP level 6. HP: 26/26 MP: 12/12
  6236 | D:6      | Found Laigil's Distillery.
  6296 | D:6      | Found a glowing drain.
  6321 | Sewer    | Entered a sewer
  6442 | Sewer    | Reached XP level 7. HP: 30/30 MP: 14/14
  6650 | Sewer    | Found a viscous altar of Jiyva.
  6676 | Sewer    | Identified the +1 robe "Duvvuin" {rElec rPois}
  6826 | D:6      | Reached skill level 5 in Dodging
  7175 | D:6      | Noticed Edmund
  7198 | D:6      | Killed Edmund
  7494 | D:6      | Reached skill level 5 in Hexes
  7507 | D:6      | Reached XP level 8. HP: 29/34 MP: 16/16
  7646 | D:6      | Reached skill level 6 in Dodging
  7646 | D:6      | Reached skill level 5 in Spellcasting
  7671 | D:6      | Found a staircase to the Ecumenical Temple.
  7687 | Temple   | Entered the Ecumenical Temple
  7745 | Temple   | Became a worshipper of Gozag Ym Sagoz the Greedy
  7751 | Temple   | Learned a level 4 spell: Summon Lightning Spire
  7990 | D:6      | Reached skill level 1 in Air Magic
  8447 | D:7      | Noticed Pikel
  9093 | D:7      | Killed Pikel
  9094 | D:7      | Reached skill level 7 in Dodging
  9094 | D:7      | Reached XP level 9. HP: 34/40 MP: 18/18
  9421 | D:7      | Reached skill level 5 in Fighting
  9868 | D:8      | Reached skill level 8 in Dodging
 10300 | D:8      | Found a flagged portal.
 10309 | Bailey   | Entered a bailey
 10371 | Bailey   | HP: 2/41 [human/+0 vorpal hand axe (1)]
 10378 | Bailey   | Reached XP level 10. HP: 29/45 MP: 21/21
 10797 | Bailey   | Reached skill level 9 in Dodging
 10854 | Bailey   | Noticed Prince Ribbit
 10858 | Bailey   | Noticed a vault guard
 10889 | Bailey   | Killed Prince Ribbit
 10895 | Bailey   | Killed a vault guard
 11002 | Bailey   | Noticed a vault guard
 11016 | Bailey   | Killed a vault guard
 11245 | D:8      | Reached skill level 5 in Air Magic
 11553 | D:8      | Learned a level 6 spell: Summon Cactus Giant
 12578 | D:8      | Reached skill level 10 in Dodging
 13243 | D:9      | Noticed a death yak
 13260 | D:9      | Killed a death yak
 13261 | D:9      | Reached XP level 11. HP: 37/50 MP: 23/23
 13616 | D:9      | Found a staircase to the Orcish Mines.
 13625 | D:9      | Learned a level 5 spell: Summon Mana Viper
 14173 | D:9      | Found a stormy altar of Qazlal.
 14764 | D:4      | Killed Duvessa
 14767 | D:4      | Killed Dowan
 14923 | D:10     | Entered Level 10 of the Dungeon
 15416 | D:10     | Reached skill level 11 in Dodging
 15608 | D:10     | Found a staircase to the Lair.
 16253 | Lair:1   | Entered Level 1 of the Lair of Beasts
 16457 | Lair:1   | Reached skill level 10 in Summonings
 16547 | Lair:1   | You fall into a shaft and drop 1 floor!
 16550 | Lair:2   | Noticed a six-headed hydra
 16557 | Lair:2   | Found a staircase to the Swamp.
 16828 | Lair:2   | Gained mutation: Your thick and shaggy fur keeps you warm.
                  | (AC +3, rC+) [Felid growth]
 16828 | Lair:2   | Reached XP level 12. HP: 56/56 MP: 25/25
 17437 | Lair:1   | Bought a book of Changes for 180 gold pieces
 17774 | Lair:1   | Reached skill level 12 in Dodging
 18458 | Lair:2   | Noticed an eight-headed hydra
 19148 | Lair:2   | Killed a six-headed hydra
 19442 | Lair:2   | Killed an eight-headed hydra
 20096 | Lair:3   | Noticed an eight-headed hydra
 20107 | Lair:3   | Killed an eight-headed hydra
 20159 | Lair:3   | Found a staircase to the Snake Pit.
 20204 | Lair:3   | Noticed an eight-headed hydra
 20221 | Lair:3   | Reached skill level 10 in Hexes
 20232 | Lair:3   | Reached skill level 13 in Dodging
 20245 | Lair:3   | Killed an eight-headed hydra
 20246 | Lair:3   | Reached XP level 13. HP: 57/61 MP: 25/27
 20885 | Lair:4   | Reached skill level 10 in Fighting
 21163 | Lair:4   | Reached skill level 10 in Spellcasting
 21376 | Lair:4   | Found a dark tunnel.
 21385 | Volcano  | Entered a volcano
 21662 | Volcano  | Reached skill level 14 in Dodging
 21849 | Volcano  | Noticed an orb of fire
 22239 | Lair:4   | Learned a level 2 spell: Wereblood
 22633 | Lair:5   | Entered Level 5 of the Lair of Beasts
 23029 | Lair:5   | Reached skill level 1 in Transmutations
 23433 | Lair:5   | Found a burning altar of Makhleb.
 23704 | Lair:5   | Reached skill level 15 in Dodging
 23704 | Lair:5   | Reached XP level 14. HP: 67/67 MP: 29/29
 23725 | Lair:5   | Found a gateway to Hell.
 23733 | Lair:5   | Identified the ring of Crawling {rPois Int+2}
 24481 | Lair:5   | Found a runed translucent door.
 24482 | Lair:5   | Found a viscous altar of Jiyva.
 24483 | Lair:5   | Found a staircase to the Slime Pits.
 25147 | Lair:5   | Bought a book of Sloth for 540 gold pieces
 25154 | Lair:5   | Learned a level 6 spell: Statue Form
 25363 | Orc:1    | Entered Level 1 of the Orcish Mines
 25381 | Orc:1    | Reached skill level 5 in Transmutations
 25696 | Orc:2    | Entered Level 2 of the Orcish Mines
 25696 | Orc:2    | Noticed Saint Roka
 26224 | Orc:2    | Killed Saint Roka
 26225 | Orc:2    | Reached skill level 1 in Earth Magic
 27264 | Orc:1    | Noticed an orc warlord
 27561 | Orc:2    | Noticed an orc warlord
 28147 | Orc:2    | Killed an orc warlord
 28148 | Orc:2    | Reached skill level 16 in Dodging
 28487 | Orc:2    | Found a staircase to the Elven Halls.
 28578 | Orc:2    | Found Jyilav's General Store.
 28579 | Orc:2    | Found Axti's Book Shop.
 28581 | Orc:2    | Found Qecleal's Antique Armour Boutique.
 28581 | Orc:2    | Found Nyhykate's Antique Weapon Boutique.
 28933 | Orc:2    | Killed an orc warlord
 29693 | Orc:2    | Bought the Reference Book on the Elliptic Sky for 532 gold
                  | pieces
 29933 | Elf:1    | Entered Level 1 of the Elven Halls
 30676 | D:11     | Reached XP level 15. HP: 73/73 MP: 28/30
 30905 | D:11     | Found a frozen archway.
 31213 | Orc:2    | Bought a book of the Sky for 704 gold pieces
 31213 | Orc:2    | Bought a book of Spatial Translocations for 384 gold pieces
 31217 | Orc:2    | Learned a level 2 spell: Blink
 31225 | Orc:2    | Learned a level 7 spell: Storm Form
 31461 | D:12     | Found Doaxewn's Assorted Antiques.
 32254 | D:13     | Found a gate to the Vaults.
 32277 | D:13     | HP: 3/73 [vault guard/+1 war axe (27)]
 33880 | D:14     | Identified the +1 leather armour of the Quiescent God
                  | {Will+ Regen+ rCorr}
 34488 | D:14     | Reached skill level 17 in Dodging
 34819 | D:15     | Entered Level 15 of the Dungeon
 34826 | D:15     | Shot with an arrow by a centaur warrior
 34827 | D:15     | Reached XP level 14. HP: -4/70 MP: 28/29
 36066 | D:15     | Found a staircase to the Depths.
 36550 | Snake:1  | Entered Level 1 of the Snake Pit
 37201 | Snake:1  | Reached XP level 15. HP: 74/74 MP: 28/30
 37830 | Snake:1  | You fall into a shaft and drop 1 floor!
 38337 | Snake:2  | HP: 1/75 [naga sharpshooter/arrow (19)]
 38862 | Snake:2  | Identified the +3 falchion of Foul Odours {venom, Dex+6
                  | Stlth+}
 39369 | Snake:2  | Noticed a nagaraja
 39387 | Snake:2  | Killed a nagaraja
 39388 | Snake:2  | Reached skill level 18 in Dodging
 39421 | Snake:2  | Noticed Aizul
 39445 | Snake:2  | Killed Aizul
 40895 | Snake:3  | Reached skill level 10 in Transmutations
 43678 | Snake:3  | Killed from afar by a shock serpent
 43679 | Snake:3  | Reached XP level 14. HP: -11/72 MP: 19/29
 43694 | Snake:3  | Identified the +8 plate armour "Quluemok" {Will+}
 43730 | Snake:3  | Noticed a nagaraja
 43744 | Snake:3  | Killed a nagaraja
 43745 | Snake:3  | Reached XP level 15. HP: 76/76 MP: 19/30
 44131 | Snake:3  | Found Wisador's Book Shoppe.
 44132 | Snake:3  | Found Itunech's Jewellery Shop.
 44133 | Snake:3  | Found Julo's Book Shoppe.
 44144 | Snake:3  | Bought a +6 ring of intelligence for 468 gold pieces
 44430 | Swamp:1  | Entered Level 1 of the Swamp
 44478 | Lair:2   | Killed from afar by an eleionoma

Illustrated notes

Levels and vault maps discovered:
D:1:      dpeg_arrival_simpleton_c, layout_basic, minmay_vboxes
D:2:      layout_loops_ring, shapermc_ecumenical_altar_starsandcircs,
          grunt_decor_resistance, minmay_tall_x, uniq_crazy_yiuf_cottage
D:3:      layout_loops_ring, serial_shops, shop, nicolae_shop_crystal,
          minivault_14
D:4:      layout_cave_pools, hangedman_decor_clover_reticule, uniq_duvessa
D:5:      layout_loops_ring, minmay_small_thing
D:6:      layout_basic, minmay_temple_entry_wispy, serial_shops,
          nicolae_shop_window_shopping, portal_sewer_entry_f,
          columned_hall_lemuel, uniq_edmund
D:7:      layout_layer_cave, uniq_pikel
D:8:      kennysheep_housing_project, layout_basic, enter_bailey_8
D:9:      layout_loops_ring, overflow_temple_1_default, orc_0_dummy, serial_ice,
          serial_ice_m, serial_ice_j, serial_ice_e, serial_ice_o, serial_ice_n,
          serial_ice_c
D:10:     layout_roguey, minmay_lair_entry_grove, nicolae_elevator_lobby_plus
D:11:     minmay_opposing_rooms, layout_long_grid,
          portal_ice_cave_entry_pillars_2, solitary_fountain
D:12:     layout_gridville, serial_shops, shop
D:13:     layout_roguey, erik_vaults_2
D:14:     layout_rooms
D:15:     hangedman_depths_entry_try_elsewhere_first, layout_basic,
          hangedman_decor_peaks_small
Temple:   minmay_crystal_snake_temple
Lair:1:   layout_gridlike
Lair:2:   layout_misc_corridors, minmay_swamp_entry_swarm, grunt_megastairs_2
Lair:3:   layout_regular_city, guppyfry_snake_entry_garden,
          grunt_forest_large_clearings
Lair:4:   beast_lair_carwin_large_3, layout_misc_corridors,
          nicolae_volcano_entry_s_turn, st_stairs_7, infiniplex_staircase_pool_2
Lair:5:   evil_forest, layout_concentric_octagons, slime_entry_2
Swamp:1:  layout_basic_swamp, wheals_swamp_sinkhole, nicolae_swamp_tree_designs
Snake:1:  layout_onion_interference, serial_bayou_pond_e
Snake:2:  layout_chambers, uniq_aizul
Snake:3:  layout_layer_cave, minmay_shop_grove
Orc:1:    layout_caves
Orc:2:    st_orc_congregation, layout_diamond_mine, basic_altar, uniq_saint_roka
Elf:1:    layout_geoelf_diagonals, hangedman_corner_corridor

Skill      XL: |  1  2  3  4  5  6  7  8  9 10 11 12 13 14 15 |
---------------+----------------------------------------------+-----
Spellcasting   | 3 4 5 6 7 8 9 10 | 10.0
Summonings     | 5 6 7 8 9 10 11 12 13 14 | 14.0
Hexes          | 2 3 5 7 10 | 10.0
Dodging        | 3 4 5 7 8 10 11 13 15 16 18 | 18.8
Fighting       | 1 2 3 4 6 7 8 9 11 12 14 | 14.7
Air Magic      | 2 4 5 6 9 |  9.5
Transmutations | 3 9 11 | 11.0
Earth Magic    | 3 |  3.5
Stealth        | |  2.6

Action                   |  1- 3 |  4- 6 |  7- 9 | 10-12 | 13-15 || total
-------------------------+-------+-------+-------+-------+-------++-------
Melee: Unarmed           |    37 |    13 |    33 |   164 |   163 ||   410
       Bite              |     7 |       |     7 |    30 |    34 ||    78
       Punch             |       |       |       |     1 |     3 ||     4
 Cast: Summon Small Mamm |    16 |     4 |     1 |     4 |     3 ||    28
       Call Imp          |    13 |     2 |     1 |     1 |       ||    17
       Call Canine Famil |    20 |    18 |    35 |    80 |   115 ||   268
       Summon Guardian G |       |     5 |    36 |    35 |    40 ||   116
       Summon Lightning  |       |       |     4 |    42 |    96 ||   142
       Summon Mana Viper |       |       |       |    32 |   171 ||   203
       Summon Cactus Gia |       |       |       |     7 |   178 ||   185
       Blink             |       |       |       |       |     2 ||     2
Invok: Call Merchant     |       |       |       |     2 |     3 ||     5
  Use: Scroll            |    15 |     2 |     6 |     8 |    12 ||    43
       Potion            |       |     2 |     5 |     7 |    11 ||    25
 Stab: Sleeping          |     1 |     2 |       |       |       ||     3
       Distracted        |     2 |       |       |     4 |     3 ||     9
Armor: Skin              |     5 |       |     1 |    21 |    12 ||    39
Dodge: Dodged            |    36 |    19 |    97 |   466 |   711 ||  1329

Table legend: (Time is in decaauts)
 A = Elapsed time spent in this place.
 B = Non-inter-level travel time spent in this place.
 C = Inter-level travel time spent in this place.
 D = Time resting spent in this place.
 E = Time spent auto-exploring this place.
 F = Levels seen in this place.
 G = Mean time per level.
                   A        B        C        D        E       F      G
               +--------+--------+--------+--------+--------+-----+--------+
         Total |  39967 |  37838 |   2129 |  11000 |  15572 |  31 | 1289.3 |
       Dungeon |  19192 |  18025 |   1167 |   3949 |   9112 |  15 | 1279.5 |
        Temple |     86 |     54 |     32 |      0 |     38 |   1 |   86.0 |
          Lair |   7596 |   7018 |    578 |   2197 |   2689 |   5 | 1519.2 |
         Swamp |     42 |     42 |      0 |      0 |      0 |   1 |   42.0 |
     Snake Pit |   7081 |   6862 |    219 |   2387 |   3204 |   3 | 2360.3 |
  Orcish Mines |   4325 |   4196 |    129 |   1952 |    527 |   2 | 2162.5 |
   Elven Halls |      1 |      1 |      0 |      0 |      0 |   1 |    1.0 |
         Sewer |    383 |    383 |      0 |      0 |      0 |   1 |  383.0 |
        Bailey |    736 |    736 |      0 |    350 |      0 |   1 |  736.0 |
       Volcano |    521 |    521 |      0 |    164 |      0 |   1 |  521.0 |
               +--------+--------+--------+--------+--------+-----+--------+

Top non-repeatable levels by time:
 Snake:2: 2967 daAuts
   Orc:2: 2584 daAuts
     D:8: 2432 daAuts
 Snake:3: 2321 daAuts
  Lair:5: 1994 daAuts
 Snake:1: 1792 daAuts
  Lair:1: 1757 daAuts
   Orc:1: 1741 daAuts
     D:6: 1574 daAuts
  Lair:2: 1489 daAuts
     D:9: 1483 daAuts
    D:10: 1412 daAuts
  Lair:4: 1378 daAuts
    D:15: 1345 daAuts
     D:5: 1335 daAuts
